 Dungeon Crawl Stone Soup version 0.24-a0-504-gcfb02b9d07 (webtiles) character file.

Game seed: 7831240567092649032

75 Arthanis the Firebug (level 4, -6/24 HPs)
             Began as a Deep Elf Fire Elementalist on July 17, 2019.
             Mangled by a goblin
             ... wielding a +0 club
             ... led by Robin
              (9 damage)
             ... on level 1 of the Dungeon.
             The game lasted 00:03:20 (1126 turns).

Arthanis the Firebug (Deep Elf Fire Elementalist)   Turns: 1126, Time: 00:03:21

Health: -6/24      AC:  2    Str:  5    XL:     4   Next: 11%
Magic:  6/11       EV: 13    Int: 21    God:
Gold:   85         SH:  0    Dex: 15    Spells: 6/10 levels left

rFire    . . .     SeeInvis .   e - +0 whip
rCold    . . .     Gourm    .   (no shield)
rNeg     . . .     Faith    .   a - +0 robe
rPois    .         Spirit   .   (no helmet)
rElec    .         Reflect  .   (no cloak)
rCorr    .         Harm     .   (no gloves)
MR       .....                  (no boots)
Stlth    ++........             (no amulet)
HPRegen  0.08/turn              (no ring)
MPRegen  0.12/turn              (no ring)

@: very slightly contaminated
A: no striking features
a: no special abilities


You were on level 1 of the Dungeon.
You were not hungry.

You visited 1 branch of the dungeon, and saw 2 of its levels.

You collected 85 gold pieces.

Inventory:

Hand Weapons
 e - a +0 whip (weapon)
Armour
 a - a +0 robe (worn)
Wands
 m - a wand of flame (18)
Scrolls
 f - a scroll of remove curse {unknown}
 i - 2 scrolls of identify {unknown}
 k - 2 scrolls of enchant armour {unknown}
Potions
 b - a potion of mutation {unknown}
 d - a potion of curing {unknown}
 h - a potion of haste {unknown}
 j - a potion of ambrosia {unknown}
 l - a potion of heal wounds {unknown}
 n - a potion of resistance {unknown}
 o - 2 potions of might {unknown}
Comestibles
 c - 4 rations
 g - 2 chunks of flesh


   Skills:
 - Level 2.4 Dodging
 - Level 2.4 Stealth
 + Level 3.8 Spellcasting
 * Level 2.7 Conjurations
 * Level 4.2 Fire Magic
 + Level 0.4 Evocations


You had 6 spell levels left.
You knew the following spells:

 Your Spells              Type           Power        Failure   Level  Hunger
a - Flame Tongue          Conj/Fire      ###..        3%          1    None
b - Conjure Flame         Conj/Fire      ###.....     9%          3    ###....

Your spell library contained the following spells:

 Spells                   Type           Power        Failure   Level  Hunger
 Throw Flame              Conj/Fire      ###...       4%          2    ##.....
 Inner Flame              Hex/Fire       ##......     16%         3    ###....
 Sticky Flame             Conj/Fire      ###.....     28%         4    ####...
 Fireball                 Conj/Fire      ###.......   63%         5    ######.


Dungeon Overview and Level Annotations

Branches:
Dungeon (2/15)

Altars:

Annotations:
D:2 Robin


Message History

The flame tongue hits the goblin!
You kill the goblin!
The goblin completely misses you. The goblin barely misses you.
Casting: Flame Tongue (safe; 3% risk of failure)
Confirm with . or Enter, or press ? or * to list all spells.
Aiming: Flame Tongue (safe; 3% risk of failure)
Press: ? - help, Shift-Dir - straight line, f - goblin
Aim: a goblin (unusually strong)
The flame tongue misses the goblin.
The goblin hits you with a +0 club.
* * * LOW HITPOINT WARNING * * *
The goblin completely misses you.
Casting: Flame Tongue (safe; 3% risk of failure)
Confirm with . or Enter, or press ? or * to list all spells.
Aiming: Flame Tongue (safe; 3% risk of failure)
Press: ? - help, Shift-Dir - straight line, f/p - goblin
Aim: a goblin (unusually strong)
The flame tongue hits the goblin.
The goblin is heavily wounded.
The goblin hits you with a +0 club!
You die...

########## #..........#
.........# #....>.....########
.........######..................
.............##...)..............
..####....##.##..................
(.# #....##.##########..........
..# #....##.##..)>...>..........
..# #....##.##..g.......##...###
..####....##.##.@g.......+..#....
.....'....##.#...........##.#.###
..####...###.#..............#.# #
..# #...# #.#.###...####.#...# #
..# #...# #.#.......#........#
### ##### #.#.#.......##.#.#.###
#.#......##.##...#....
#.#......##.####....##
#.#.#.....#.# ####...


You could see 2 goblins.

Vanquished Creatures
  4 adders (D:2)
  3 leopard geckos (D:1)
  2 bats (D:2)
  4 giant cockroaches
  2 goblins (D:1)
  5 hobgoblins
  4 jackals (D:2)
  A quokka (D:2)
  2 frilled lizards (D:1)
  4 kobolds
  5 rats
36 creatures vanquished.

Vanquished Creatures (others)
  A rat (D:1)
1 creature vanquished.

Grand Total: 37 creatures vanquished

Notes
Turn   | Place    | Note
-------+----------+-------------------------------------------
     0 | D:1      | Arthanis the Deep Elf Fire Elementalist began the quest for
                  | the Orb.
     0 | D:1      | Reached XP level 1. HP: 10/10 MP: 6/6
    67 | D:1      | Reached XP level 2. HP: 13/15 MP: 0/8
   603 | D:2      | Reached XP level 3. HP: 13/19 MP: 3/9
   608 | D:2      | Learned a level 3 spell: Conjure Flame
   626 | D:2      | Reached skill level 4 in Fire Magic
   827 | D:2      | Reached XP level 4. HP: 24/24 MP: 5/11
   854 | D:2      | Noticed Robin
  1126 | D:1      | Mangled by a goblin

Levels and vault maps discovered:
D:1:      tarquinn_simple_flora_water_e, layout_basic, lemuel_flame_loot_1
D:2:      layout_rooms, uniq_robin

Skill      XL: |  1  2  3 |
---------------+----------+-----
Conjurations   | 2 |  2.7
Fire Magic     | 4 |  4.2
Dodging        | |  2.4
Stealth        | |  2.4
Spellcasting   | |  3.8
Evocations     | |  0.4

Action                   |  1- 3 |  4- 6 || total
-------------------------+-------+-------++-------
Melee: Whip              |     1 |       ||     1
 Cast: Flame Tongue      |    46 |    17 ||    63
 Stab: Sleeping          |     1 |       ||     1
Armor: Robe              |     2 |     3 ||     5
Dodge: Dodged            |     9 |     9 ||    18

Table legend:
 A = Non-vault XP
 B = Vault XP
 C = Vault XP percentage of total XP
 D = Non-vault monster count
 E = Vault monster count
 F = Vault count percentage of total count
                 A         B        C        D         E       F
            +---------+---------+-------+---------+---------+-------
      Total |     104 |       4 |   3.7 |      34 |       2 |   5.6
            +---------+---------+-------+---------+---------+-------
        D:1 |      26 |       4 |  13.3 |      15 |       2 |  11.8
        D:2 |      78 |       0 |   0.0 |      19 |       0 |   0.0
            +---------+---------+-------+---------+---------+-------
